 Dungeon Crawl Stone Soup version 0.26-a0-812-g31a745ddcd (webtiles) character file.

Game seed: 7770964440603770803

4 Apogee the Sneak (level 1, 0/10 HPs)
             Began as a Kobold Enchanter on Dec 4, 2020.
             Slain by a leopard gecko (1 damage)
             ... on level 1 of the Dungeon.
             The game lasted 00:00:51 (309 turns).

Apogee the Sneak (Kobold Enchanter)                  Turns: 309, Time: 00:00:52

Health: 0/10       AC:  2    Str:  5    XL:     1   Next: 77%
Magic:  3/3        EV: 15    Int: 16    God:
Gold:   21         SH:  0    Dex: 15    Spells: 3/4 levels left

rFire    . . .     SeeInvis .   a - +1 dagger
rCold    . . .     Faith    .   (shield restricted)
rNeg     . . .     Spirit   .   b - +0 robe
rPois    .         Reflect  .   (no helmet)
rElec    .         Harm     .   (no cloak)
rCorr    .         Rampage  .   (no gloves)
MR       .....                  (no boots)
Stlth    ++++......             (no amulet)
HPRegen  0.03/turn              (no ring)
MPRegen  0.08/turn              (no ring)

@: no status effects
A: small, nightstalker 3
a: no special abilities


You were on level 1 of the Dungeon.
You visited 1 branch of the dungeon, and saw 1 of its levels.

You collected 21 gold pieces.

Inventory:

Hand Weapons
 a - a +1 dagger (weapon)
Armour
 b - a +0 robe (worn)
Scrolls
 c - 2 scrolls of teleportation {unknown}
 d - a scroll of identify {unknown}
 e - a scroll of blinking {unknown}
Potions
 f - a potion of cancellation {unknown}


   Skills:
 + Level 1.7 Short Blades
 - Level 2.4 Dodging
 * Level 4.4 Stealth
 - Level 2.1 Spellcasting
 - Level 3.0 Hexes


You had 3 spell levels left.
You knew the following spells:

 Your Spells              Type           Power        Failure   Level
a - Corona                Hex            ##.....      6%          1

Your spell library contained the following spells:

 Spells                   Type           Power        Failure   Level
 Ensorcelled Hibernation  Hex/Ice        #.....       17%         2
 Confusing Touch          Hex            ##......     19%         3
 Tukima's Dance           Hex            ##......     19%         3
 Dazzling Flash           Conj/Hex       #.....       32%         3


Dungeon Overview and Level Annotations

Branches:
Dungeon (1/15)

Altars:


Innate Abilities, Weirdness & Mutations

You are small and have problems with some larger weapons.
You are completely attuned to the shadows.


Message History

You closely miss the bat. The bat closely misses you. The bat misses you.
The bat hits you but does no damage.
You barely miss the bat. The bat hits you. The bat hits you but does no damage.
The bat completely misses you.
You closely miss the bat. The bat hits you but does no damage.
The bat barely misses you.
You hit the bat but do no damage. The bat misses you.
The bat completely misses you. The bat completely misses you. The bat hits you.
The bat hits you but does no damage.
You completely miss the bat. The bat hits you but does no damage.
You hit the bat. The bat closely misses you.
You hit the bat.
You kill the bat!
No target in view!
You start resting.
Found 9 gold pieces.
You now have 21 gold pieces (gained 9).
Found a blue potion.
No target in view!
f - a blue potion A leopard gecko comes into view.
A goblin comes into view. It is wielding a +0 club.
The goblin shouts!
The leopard gecko hisses angrily.
You hear an angry hiss.
You hit the leopard gecko. The leopard gecko barely misses you.
You hit the leopard gecko but do no damage.
The leopard gecko bites you.
You hit the leopard gecko but do no damage.
The leopard gecko barely misses you.
You closely miss the leopard gecko. The leopard gecko misses you.
You barely miss the leopard gecko. The leopard gecko closely misses you.
A frilled lizard comes into view.
You barely miss the leopard gecko. The leopard gecko bites you.
* * * LOW HITPOINT WARNING * * *
Okay, then.
The leopard gecko closely misses you.
The leopard gecko completely misses you.
The leopard gecko misses you. The leopard gecko barely misses you.
The leopard gecko bites you but does no damage.
The leopard gecko misses you. The leopard gecko bites you.
* * * LOW HITPOINT WARNING * * *
You aren't carrying any items that you can evoke.
Unknown command.
You miss the leopard gecko. The leopard gecko closely misses you.
You hit the leopard gecko.
The frilled lizard hisses.
The leopard gecko bites you.
You die...

#############
#...........#
#.#########.# #.#
#.....#.# #.#
#.###.#.##### #.#
#..lg.......###### #.#
#.###............#####
#.#
#..####.###.####......
#.# #g.# #.# #@#
#.##### #.# #..# #l#
#l# #....... #.# #.l#
#g# #g####.#####.#
#.###..####.# #l.....#
#.#
#...........###......#
#.#####
####.......†g...####.#
#...... #...##########
#.#####.##### #...#
#.......# #...#
#)....### #


You could see a leopard gecko, a goblin and a frilled lizard.

Vanquished Creatures
  A goblin (D:1)
  A hobgoblin (D:1)
  2 bats (D:1)
  A rat (D:1)
5 creatures vanquished.

Notes
Turn   | Place    | Note
-------+----------+-------------------------------------------
     0 | D:1      | Apogee the Kobold Enchanter began the quest for the Orb.
     0 | D:1      | Reached XP level 1. HP: 10/10 MP: 3/3
   309 | D:1      | Slain by a leopard gecko

Illustrated notes

Levels and vault maps discovered:
D:1:      roderic_chinese_lattice_arrival, layout_loops_ring,
          minmay_pentomino_v2

Action                   || total
-------------------------++-------
Melee: Dagger            ||    20
 Stab: Sleeping          ||     4
Armor: Robe              ||     6
Dodge: Dodged            ||    22

Table legend: (Time is in decaauts)
 A = Elapsed time spent in this place.
 B = Non-inter-level travel time spent in this place.
 C = Inter-level travel time spent in this place.
 D = Time resting spent in this place.
 E = Time spent auto-exploring this place.
 F = Levels seen in this place.
 G = Mean time per level.
                   A        B        C        D        E       F      G
               +--------+--------+--------+--------+--------+-----+--------+
         Total |    307 |    307 |      0 |     58 |    167 |   1 |  307.0 |
       Dungeon |    307 |    307 |      0 |     58 |    167 |   1 |  307.0 |
               +--------+--------+--------+--------+--------+-----+--------+

Top non-repeatable levels by time:
     D:1: 307 daAuts
